 Dungeon Sprint DCSS version 0.30-a0-462-gd5975efbca (webtiles) character file.

Game seed: 6523586578837748619

2671 boopmooplesden the Severer (level 9, -4/97 HPs)
             Began as a Minotaur Berserker on Dec 16, 2022.
             Was a High Priest of Trog.
             Slain by a vampire mosquito (10 damage)
             ... in the Dungeon (Sprint IX: "|||||||||||||||||||||||||||||").
             The game lasted 00:01:01 (348 turns).

boopmooplesden the Severer (Minotaur Berserker)      Turns: 348, Time: 00:01:01

Health: -4/97      AC: 13    Str: 26    XL:     9   Next: 37%
Magic:  8/8        EV: 15    Int:  4    God:    Trog [*****.]
Gold:   0          SH:  0    Dex: 13    Spells: 8/8 levels left

rFire   . . .      SeeInvis .    k - +3 war axe (vorpal)
rCold   . . .      Faith    .    (no shield)
rNeg    . . .      Spirit   .    n - +2 ring mail
rPois   .          Reflect  .    (helmet restricted)
rElec   .          Harm     .    m - +0 cloak
rCorr   .          Rampage  .    l - +0 pair of gloves
Will    ++...      NoTele   +    (no boots)
Stlth   +.........               (no amulet)
HPRegen 1.36/turn                p - +2 ring of protection
MPRegen 0.11/turn                o - +3 ring of dexterity

@: strong-willed, on berserk cooldown, regenerating, slowed, very slow
A: horns 2, retaliatory headbutt
a: Renounce Religion, Berserk, Trog's Hand, Brothers in Arms


You were in the Dungeon.
You worshipped Trog.
Trog was extremely pleased with you.
You visited 1 branch

Inventory:

Hand Weapons
 a - a +0 hand axe
 k - a +3 vorpal war axe (weapon)
Armour
 b - a +0 animal skin
 l - a +0 pair of gloves (worn)
 m - a +0 cloak (worn)
 n - a +2 ring mail (worn)
Jewellery
 o - a +3 ring of dexterity (right hand)
 p - a +2 ring of protection (left hand)
Wands
 j - a wand of roots (10)
Scrolls
 h - 2 scrolls of blinking
Potions
 c - 5 potions of curing
 d - 2 potions of heal wounds
 e - a potion of haste
 f - 4 potions of magic
 g - a potion of berserk rage
 i - a potion of invisibility


   Skills:
 + Level 15.5 Fighting
 + Level 16.4 Axes
 + Level 9.0 Armour
 + Level 9.6 Dodging


You had 8 spell levels left.
You didn't know any spells.
Your spell library was empty.

Dungeon Overview and Level Annotations

Branches:
Dungeon (1/1)

Altars:
Cheibriados
Dithmenos
Elyvilon
Fedhas
Gozag
Hepliaklqana
Kikubaaqudgha
Makhleb
Nemelex Xobeh
Okawaru
Qazlal
Ru
Sif Muna
Trog
Uskayaw
Vehumet
Wu Jian
Xom
Yredelemnul
Zin
The Shining One
Jiyva
Lugonu


Innate Abilities, Weirdness & Mutations

You have a pair of horns on your head.
You reflexively headbutt those who attack you in melee.


Message History

Your skin crawls.
You feel strong-willed.
The white ugly thing pecks you but does no damage.
You slash the white ugly thing!
The white ugly thing is lightly wounded.
The white ugly thing pecks you. The white ugly thing freezes you!
* * * LOW HITPOINT WARNING * * *
You feel much better. The white ugly thing misses you.
The white ugly thing barely misses you.
You barely miss the white ugly thing.
The white ugly thing is lightly wounded.
The white ugly thing pecks you. The white ugly thing freezes you!
You hit the white ugly thing.
The white ugly thing is moderately wounded.
The white ugly thing barely misses you.
You hit the white ugly thing.
The white ugly thing is moderately wounded.
The white ugly thing pecks you. The white ugly thing freezes you!!
* * * LOW HITPOINT WARNING * * *
You slash the white ugly thing!
The white ugly thing is heavily wounded.
The white ugly thing completely misses you.
You furiously retaliate!
You headbutt the white ugly thing! You closely miss the white ugly thing.
Your headbutt misses the white ugly thing.
The white ugly thing is heavily wounded.
The white ugly thing completely misses you.
You slash the white ugly thing!
The white ugly thing is severely wounded.
The white ugly thing barely misses you.
You slash the white ugly thing! You headbutt the white ugly thing.
You kill the white ugly thing!
Trog accepts your kill.
The vampire mosquito closely misses you.
Your Axes skill increases to level 16!
Your Armour skill increases to level 9!
You closely miss the vampire mosquito. The vampire mosquito bites you.
* * * LOW HITPOINT WARNING * * *
The vampire mosquito draws strength from your injuries!
The vampire mosquito bites you!
You die... ▓▓▓▓▓▓▓▓▓▓▓▓▓▓▓▓▓▓▓▓▓▓▓▓ '.?)......'.)...@yHc.... ▓▓▓▓▓▓▓▓▓▓▓▓▓▓▓▓▓▓▓▓▓▓▓▓

You could see a centaur warrior, a manticore and a vampire mosquito.

Vanquished Creatures
  A centaur warrior (D)
  A two-headed ogre (D)
  An ugly thing (D)
  A tengu conjurer (D)
  A troll (D)
  A wyvern (D)
  A wraith (D)
  2 acid dragons (D)
  A necrophage (D)
  A scorpion (D)
  A gnoll bouda (D)
  2 orcs (D)
  A goblin (D)
  A hobgoblin (D)
  A quokka (D)
  A ball python (D)
  A rat (D)
19 creatures vanquished.

Notes
Turn   | Place    | Note
-------+----------+-------------------------------------------
     0 | D        | boopmooplesden the Minotaur Berserker began the quest for
                  | the Orb.
     0 | D        | Reached XP level 1. HP: 19/19 MP: 0/0
     5 | D        | Reached skill level 4 in Axes
     9 | D        | Reached ** piety under Trog
    56 | D        | Noticed a gnoll bouda
    56 | D        | Noticed a scorpion
    56 | D        | Noticed a necrophage
    60 | D        | Killed a gnoll bouda
    61 | D        | Reached skill level 5 in Fighting
    61 | D        | Reached skill level 5 in Axes
    61 | D        | Reached XP level 2. HP: 30/30 MP: 1/1
    61 | D        | Reached XP level 3. HP: 37/37 MP: 2/2
    67 | D        | Killed a scorpion
    67 | D        | Reached *** piety under Trog
    68 | D        | Reached skill level 7 in Axes
    68 | D        | Reached XP level 4. HP: 35/47 MP: 3/3
    70 | D        | Killed a necrophage
    71 | D        | Reached skill level 8 in Axes
    71 | D        | Reached XP level 5. HP: 38/55 MP: 4/4
   220 | D        | Found a snail-covered altar of Cheibriados.
   220 | D        | Found a shadowy altar of Dithmenos.
   220 | D        | Found a white marble altar of Elyvilon.
   220 | D        | Found a blossoming altar of Fedhas.
   220 | D        | Found an opulent altar of Gozag.
   221 | D        | Found a hazy altar of Hepliaklqana.
   222 | D        | Found a viscous altar of Jiyva.
   223 | D        | Found an ancient bone altar of Kikubaaqudgha.
   224 | D        | Found a corrupted altar of Lugonu.
   225 | D        | Found a burning altar of Makhleb.
   226 | D        | Found a sparkling altar of Nemelex Xobeh.
   227 | D        | Found an iron altar of Okawaru.
   228 | D        | Found a stormy altar of Qazlal.
   229 | D        | Found a sacrificial altar of Ru.
   230 | D        | Found a shimmering blue altar of Sif Muna.
   231 | D        | Found a bloodstained altar of Trog.
   232 | D        | Found a hide-covered altar of Uskayaw.
   233 | D        | Found a radiant altar of Vehumet.
   234 | D        | Found an ornate altar of the Wu Jian Council.
   235 | D        | Found a shimmering altar of Xom.
   236 | D        | Found a basalt altar of Yredelemnul.
   237 | D        | Found a glowing silver altar of Zin.
   238 | D        | Found a glowing golden altar of the Shining One.
   296 | D        | Noticed a wyvern
   296 | D        | Noticed a wraith
   296 | D        | Noticed an acid dragon
   296 | D        | Noticed an acid dragon
   296 | D        | Noticed a two-headed ogre
   296 | D        | Noticed a troll
   299 | D        | Killed a wyvern
   299 | D        | Reached **** piety under Trog
   300 | D        | Reached skill level 10 in Fighting
   300 | D        | Reached skill level 10 in Axes
   300 | D        | Reached skill level 5 in Armour
   300 | D        | Reached skill level 5 in Dodging
   300 | D        | Reached XP level 6. HP: 66/66 MP: 5/5
   301 | D        | Killed a wraith
   302 | D        | Reached skill level 11 in Axes
   308 | D        | Killed an acid dragon
   309 | D        | Reached skill level 12 in Axes
   309 | D        | Reached XP level 7. HP: 74/74 MP: 6/6
   316 | D        | Killed a two-headed ogre
   317 | D        | Reached skill level 14 in Axes
   317 | D        | Reached XP level 8. HP: 80/86 MP: 7/7
   321 | D        | Killed a troll
   321 | D        | Reached ***** piety under Trog
   326 | D        | Noticed a tengu conjurer
   326 | D        | Noticed a centaur warrior
   326 | D        | Noticed a white ugly thing
   326 | D        | Noticed a manticore
   326 | D        | Noticed a centaur warrior
   332 | D        | Killed a tengu conjurer
   337 | D        | Killed a centaur warrior
   338 | D        | Reached skill level 15 in Fighting
   338 | D        | Reached skill level 15 in Axes
   338 | D        | Reached XP level 9. HP: 38/97 MP: 8/8
   343 | D        | HP: 4/97 [white ugly thing (33)]
   347 | D        | Killed a white ugly thing
   348 | D        | Reached skill level 16 in Axes
   348 | D        | Slain by a vampire mosquito

Illustrated notes

Levels and vault maps discovered:
D:        linesprint [early_d, line_temple, items_1, d_10, items_2, lair_1,
          lair_end, items_3, orc_1, orc_end, items_4, d_15, swamp_1, shoals_1,
          snake_1, spider_1, d_20, vaults_1, items_5, swamp_end, shoals_end,
          snake_end, spider_end, vaults_end, d_27, items_6, zot_1, zot_end,
          crypt_end, forest_end, elf_end, slime_end, tomb_end, abyss_end,
          pan_hell_end]

Skill      XL: |  1  2  3  4  5  6  7  8  9 |
---------------+----------------------------+-----
Fighting       | 5 7 8 10 11 13 15 | 15.5
Axes           | 5 7 8 10 12 14 15 16 | 16.4
Armour         | 3 4 5 6 7 8 9 |  9.0
Dodging        | 3 4 5 6 7 9 |  9.6

Action                   |  1- 3 |  4- 6 |  7- 9 || total
-------------------------+-------+-------+-------++-------
Melee: Hand axe          |    19 |     6 |       ||    25
       Headbutt          |     2 |     4 |     6 ||    12
       War axe           |       |    10 |    31 ||    41
       Punch             |       |       |     1 ||     1
Invok: Berserk           |     1 |     1 |       ||     2
       Trog's Hand       |       |     1 |     1 ||     2
  Use: Potion            |       |       |     1 ||     1
Armor: Animal skin       |     2 |       |       ||     2
       Ring mail         |       |       |    19 ||    19
Dodge: Dodged            |     9 |     6 |    19 ||    34

Table legend: (Time is in decaauts)
 A = Elapsed time spent in this place.
 B = Non-inter-level travel time spent in this place.
 C = Inter-level travel time spent in this place.
 D = Time resting spent in this place.
 E = Time spent auto-exploring this place.
 F = Levels seen in this place.
 G = Mean time per level.
                   A        B        C        D        E       F      G
               +--------+--------+--------+--------+--------+-----+--------+
         Total |    346 |    346 |      0 |    185 |      0 |   1 |  346.0 |
       Dungeon |    346 |    346 |      0 |    185 |      0 |   1 |  346.0 |
               +--------+--------+--------+--------+--------+-----+--------+

Top non-repeatable levels by time:
       D: 346 daAuts
